 Dungeon Crawl Stone Soup version 0.18-a0-1293-g5a2c81a (webtiles) character file.

68 Tomstefer the Shield-Bearer (level 4, 0/40 HPs)
             Began as a Minotaur Fighter on Feb 10, 2016.
             Succumbed to an adder's poison
             ... on level 2 of the Dungeon.
             The game lasted 00:04:32 (1708 turns).

Tomstefer the Shield-Bearer (Minotaur Fighter)      Turns: 1708, Time: 00:04:32

Health: 0/40       AC:  8    Str: 20    XL:     4   Next: 1%
Magic:  3/3        EV: 12    Int:  5    God:
Gold:   42         SH: 10    Dex: 16    Spells: 0 memorised, 3 levels left

rFire  . . .     SeeInvis .     j - +0 mace
rCold  . . .     Gourm    .     b - +0 scale mail
rNeg   . . .     Faith    .     c - +0 shield
rPois  .         Spirit   .     (helmet restricted)
rElec  .         Dismiss  .     (no cloak)
rCorr  .         Reflect  .     (no gloves)
SustAt .         Harm     .     m - +0 pair of boots
MR     .....                    (no amulet)
Stlth  +.........               (no ring)
                                (no ring)

@: agile, lethally poisoned (0 -> -4), exhausted, flying, slowed, very slow, not
resistant to hostile enchantments, very unstealthy
A: retaliatory headbutt, horns 2
a: no special abilities


You were on level 2 of the Dungeon.
You were hungry.

You visited 1 branch of the dungeon, and saw 2 of its levels.

You collected 42 gold pieces.

Inventory:

Hand Weapons
 a - a +0 flail
 j - a +0 mace (weapon)
Armour
 b - a +0 scale mail (worn)
 c - a +0 shield (worn)
 m - a +0 pair of boots (worn)
Scrolls
 e - a scroll of recharging {unknown}
 k - a scroll of remove curse {unknown}
 o - a scroll of amnesia {unknown}
Potions
 d - a potion of might
 n - a potion of cure mutation
Comestibles
 f - a bread ration
 h - 2 meat rations


   Skills:
 - Level 3.8 Fighting
 + Level 3.7 Maces & Flails
 - Level 3.7 Armour
 + Level 4.8 Shields


You had 3 spell levels left.
You didn't know any spells.

Dungeon Overview and Level Annotations

Branches:
Dungeon (2/15)

Altars:
Elyvilon
Gozag
Nemelex Xobeh
Trog
Zin


Innate Abilities, Weirdness & Mutations

You reflexively headbutt those who attack you in melee.
You have a pair of horns on your head.


Message History

It was a potion of cure mutation.
It has a very clean taste.
* * * LOW HITPOINT WARNING * * *
You feel sick.
You hit the giant cockroach.
You kill the giant cockroach!
You have reached level 4!
You feel agile.
* * * LOW HITPOINT WARNING * * *
You feel sick.
It was a potion of flight.
You feel very buoyant.
You fly up into the air.
* * * LOW HITPOINT WARNING * * *
You feel sick.
It was a potion of agility.
You feel agile all of a sudden.
* * * LOW HITPOINT WARNING * * *
You feel sick.
All of the chunks of flesh in your inventory have rotted away.
You die...

######..÷#####.##.....#
#.....#
#...÷...........##
#######
#...###########.# #...#
#.# #####...## #.#
.........##### #.#
.###.........#
#.........######
..............@...##
.###.....##..#.#†..#
###..##.#.#.#.#)##
................#
###...#.#.#.#.#.##
#.##.......>...#
##.#.#.#.#.##
............#
..#.#.#.#.#.##


There were no monsters in sight!

Vanquished Creatures
  An adder (D:2)
  A worm (D:1)
  A giant gecko (D:1)
  5 bats (D:1)
  2 giant cockroaches (D:2)
  4 goblins
  4 hobgoblins
  13 jackals
  3 ball pythons
  3 giant newts
  5 kobolds
  10 rats (D:1)
52 creatures vanquished.

Notes
Turn   | Place    | Note
--------------------------------------------------------------
     0 | D:1      | Tomstefer the Minotaur Fighter began the quest for the Orb.
     0 | D:1      | Reached XP level 1. HP: 19/19 MP: 0/0
   200 | D:1      | Reached XP level 2. HP: 24/27 MP: 1/1
   319 | D:1      | Reached skill level 4 in Shields
   461 | D:1      | Reached XP level 3. HP: 33/33 MP: 2/2
  1229 | D:2      | Found a bloodstained altar of Trog.
  1231 | D:2      | Found a sparkling altar of Nemelex Xobeh.
  1235 | D:2      | Found an opulent altar of Gozag.
  1251 | D:2      | Found a white marble altar of Elyvilon.
  1252 | D:2      | Found a glowing silver altar of Zin.
  1329 | D:2      | Found a faded altar to an unknown god.
  1705 | D:2      | Reached XP level 4. HP: 3/40 MP: 3/3
  1706 | D:2      | HP: 2/40 [poisoned by an adder]
  1708 | D:2      | Succumbed to an adder's poison

Vault maps used:
D:1:      grunt_arrival_lava_bath, minmay_misc_feat_plants,
          minmay_rat_gold_closets
D:2:      grunt_temple_overflow_open, first_bread, ecumenical_altar_1,
          st_stairs_10

Action                   |  1- 3 |  4- 6 || total
-------------------------+-------+-------++-------
Melee: Flail             |    24 |       ||    24
       Mace              |   123 |       ||   123
  Use: Potion            |     2 |     2 ||     4
  Eat: Beef jerky        |     1 |       ||     1
       Chunk             |     1 |       ||     1
